 Dungeon Crawl Stone Soup version 0.22-a0-348-gd16d139 (webtiles) character file.

14627 torrenera the Unseen (level 11, -14/54 HPs)
             Began as a Felid Necromancer on Apr 10, 2018.
             Was an Elder of Sif Muna.
             Killed from afar by a rime drake (28 damage)
             ... with a flash freeze
             ... on level 5 of the Lair of Beasts on Apr 11, 2018.
             The game lasted 01:17:39 (29410 turns).

torrenera the Unseen (Felid Necromancer)           Turns: 29410, Time: 01:17:40

Health: -14/54     AC:  2    Str:  6    XL:     11   Next: 91%
Magic:  38/38      EV: 19    Int: 20    God:    Sif Muna [****..]
Gold:   621        SH:  0    Dex: 17    Spells: 2/21 levels left
                                        Lives:  0   Deaths: 3

rFire    . . .     SeeInvis +   (weapon unavailable)
rCold    . . .     Gourm    .   (shield unavailable)
rNeg     . . .     Faith    .   (armour unavailable)
rPois    .         Spirit   .   (helmet unavailable)
rElec    .         Reflect  .   (cloak unavailable)
rCorr    .         Harm     .   (gloves unavailable)
MR       +....                  (boots unavailable)
Stlth    ++++++....             (no amulet)
HPRegen  0.18/turn              r - ring of Tuqie {MP+9 Str+2}
MPRegen  0.26/turn              H - ring of magical power

@: quick
A: very small, no armour, no weapons or thrown items, stealth, claws 1, fangs 3,
see invisible, carnivore, speed 1, shaggy fur 2, slow metabolism 1, sharp paws
a: Divine Energy, Channel Magic, Forget Spell, Renounce Religion


You were on level 5 of the Lair of Beasts.
You worshipped Sif Muna.
Sif Muna was greatly pleased with you.
You were not hungry.

You visited 4 branches of the dungeon, and saw 18 of its levels.
You also visited: Ossuary.

You collected 933 gold pieces.
You spent 312 gold pieces at shops.

Inventory:

Jewellery
 r - the ring of Tuqie (left paw) {MP+9 Str+2}
   (You bought it in a shop on level 5 of the Dungeon)

   [ring of magical power]

   It affects your strength (+2).
   It affects your magic capacity (+9).
 s - an uncursed ring of poison resistance
 w - an uncursed ring of teleportation
 B - a +4 ring of strength
 H - a ring of magical power (right paw)
 I - an uncursed amulet of rage {unknown}
 L - an uncursed amulet of rage {unknown}
Wands
 c - a wand of random effects (33)
 f - a wand of paralysis (15)
 u - a wand of clouds (5)
 C - a wand of iceblast (13)
 D - a wand of digging (11)
 G - a wand of flame (52)
Scrolls
 d - 3 scrolls of remove curse
 e - 3 scrolls of fog
 g - a scroll of amnesia
 l - a scroll of immolation
 o - a scroll of torment {unknown}
 t - a scroll of holy word {unknown}
 v - a scroll of magic mapping {unknown}
 x - a scroll of fear
 y - a scroll of blinking
 z - a scroll of vulnerability {unknown}
 J - a scroll of silence {unknown}
Potions
 a - 4 potions of haste
 h - 6 potions of curing
 i - 3 potions of resistance
 j - 3 potions of lignification
 k - 2 potions of berserk rage
 m - a potion of agility
 n - 3 potions of mutation
 p - 2 potions of magic
 q - 2 potions of brilliance
 A - 3 potions of might
 E - 2 potions of heal wounds
 F - 2 potions of flight
Miscellaneous
 K - a box of beasts
Comestibles
 b - 30 rations


   Skills:
 - Level 10.0 Fighting
 - Level 3.4 Dodging
 - Level 15.0 Stealth
 - Level 5.5 Spellcasting
 - Level 0.6 Charms
 - Level 8.0 Necromancy
 + Level 8.7 Transmutations
 + Level 7.2 Earth Magic


You had 2 spell levels left.
You knew the following spells:

 Your Spells              Type           Power        Failure   Level  Hunger
a - Pain                  Necr           ####         1%          1    None
b - Confusing Touch       Hex            #.....       11%         1    None
c - Vampiric Draining     Necr           #####.....   1%          3    ##.....
d - Regeneration          Chrm/Necr      ###.......   5%          3    ##.....
e - Statue Form           Tmut/Erth      #####....    52%         6    #######
f - Ensorcelled Hibernat  Hex/Ice        #.....       17%         2    None
g - Animate Skeleton      Necr           N/A          1%          1    None
h - Shroud of Golubria    Chrm/Tloc      #.........   14%         2    None


Dungeon Overview and Level Annotations

Branches:
Dungeon (11/15)            Temple (1/1) D:5            Lair (5/6) D:9
  Swamp (0/4) Lair:2       Spider (0/4) Lair:3          Orc (1/2) D:9
  Slime: Lair:5-6

Altars:
Ashenzari
Cheibriados
Dithmenos
Elyvilon
Fedhas
Gozag
Hepliaklqana
Kikubaaqudgha
Makhleb
Nemelex Xobeh
Okawaru
Qazlal
Ru
Sif Muna
Trog
Uskayaw
Vehumet
Wu Jian
Yredelemnul
Zin
The Shining One
Beogh

Shops:
D:5 ==}

Annotations:
D:3 Thaneod's ghost, amateur OpFE
D:7 Amnesiac's ghost, novice DsFi
D:8 Amnesiac's ghost, novice OgFi
D:10 exclusion: oklob plant
Lair:3 Snorg


Innate Abilities, Weirdness & Mutations

You cannot wear armour.
You are incapable of wielding weapons or throwing items.
Your paws allow you to move quietly. (Stealth)
You have sharp claws.
You have razor-sharp teeth.
You have supernaturally acute eyesight. (SInv)
You are carnivorous and can eat meat at any time.
You cover ground quickly.
You are covered in thick fur. (AC +2)
You have a slow metabolism.
Your sharp claws are effective at attacking unaware monsters.


Message History

The rime drake breathes ice at you. The flash freeze hits you!
You are encased in ice.
The blink frog misses you. The ice encasing you melts away.
The blink frog blinks!
The rime drake breathes ice at you. The flash freeze hits you!
Ouch! That really hurt!
* * * LOW HITPOINT WARNING * * *
You are encased in ice.
The bullfrog hits something!
The bullfrog closely misses you. The ice encasing you melts away.
The bullfrog hits the plant but does no damage.
The bullfrog completely misses you. The rime drake breathes ice at you.
The flash freeze hits you!
Ouch! That really hurt!
You die...

................................
................................
................................
.........................P......
.............#.#.........#......
.....P........###.......##......
.......[........#................
..PP.....................<.......
...#............@........##......
...#.....P...............##......
..............kF.........##......
.............P.F.........####....
.........#...F.#.....>...P##..P.#
.........#....###............####
.(..#.....#...P##............#
...........#...##......PP...##
..........l........#........##


You could see a blink frog, a rime drake and 2 bullfrogs.

Vanquished Creatures
  A centaur warrior (D:10)
  An unseen horror (D:11)
  2 black mambas (Lair:4)
  An elephant (Lair:4)
  8 spiny frogs
  A rime drake (Lair:2)
  3 komodo dragons
  A polar bear (Lair:4)
  8 blink frogs
  5 hippogriffs
  A dream sheep (Lair:5)
  A wyvern (Lair:4)
  22 yaks
  A basilisk (D:9)
  10 water moccasins
  5 porcupines
  A sky beast (D:9)
  3 ice beasts
  4 orc warriors
  A black bear (D:6)
  4 ogres
  A necrophage (D:7)
  9 wolves
  7 centaurs
  8 crocodiles
  A big kobold (D:7)
  18 bullfrogs
  A gnoll sergeant (D:5)
  A wyvern skeleton (D:6)
  2 scorpions
  3 killer bees (D:10)
  An electric eel (Lair:4)
  2 howler monkeys
  A crimson imp (D:9)
  7 orc priests
  2 jellies
  2 hounds
  A bullfrog skeleton (D:9)
  8 orc wizards
  A centaur skeleton (D:5)
  3 iguanas
  10 worker ants
  Terence (D:3)
  A worker ant zombie (D:6)
  Robin (D:4)
  A howler monkey zombie (D:10)
  8 gnolls
  7 adders
  5 shadow imps
  An adder skeleton (D:8)
  2 worms
  2 dart slugs
  5 leopard geckos
  36 orcs
  A ball python (D:2)
  5 giant cockroaches
  14 goblins
  7 hobgoblins
  24 jackals
  7 quokkas
  8 bats
  6 frilled lizards
  A jackal skeleton (D:6)
  A jackal zombie (D:5)
  13 kobolds
  A leopard gecko zombie (D:7)
  2 quokka skeletons
  3 rats
336 creatures vanquished.

Vanquished Creatures (collateral kills)
  A blink frog (Lair:4)
  A hippogriff (Lair:4)
  A black bear (Lair:4)
3 creatures vanquished.

Vanquished Creatures (others)
  4 bushes
  8 fungi
  9 plants
21 creatures vanquished.

Grand Total: 360 creatures vanquished

Notes
Turn   | Place    | Note
-------+----------+-------------------------------------------
     0 | D:1      | torrenera the Felid Necromancer began the quest for the Orb.
     0 | D:1      | Reached XP level 1. HP: 7/7 MP: 4/4
   785 | D:1      | Reached skill level 3 in Stealth
   785 | D:1      | Reached XP level 2. HP: 11/11 MP: 4/6
   873 | D:1      | Learned a level 1 spell: Animate Skeleton
  1992 | D:2      | Reached XP level 3. HP: 1/14 MP: 4/7
  2682 | D:2      | Reached skill level 5 in Necromancy
  2690 | D:2      | Learned a level 3 spell: Vampiric Draining
  3195 | D:2      | Found a glowing golden altar of the Shining One.
  3206 | D:2      | Reached XP level 4. HP: 12/18 MP: 1/8
  3446 | D:3      | Found a snail-covered altar of Cheibriados.
  3801 | D:3      | Reached skill level 4 in Stealth
  3825 | D:3      | Reached XP level 5. HP: 12/21 MP: 0/9
  4011 | D:3      | Learned a level 3 spell: Regeneration
  4125 | D:3      | Noticed Terence
  4151 | D:3      | Killed Terence
  4260 | D:3      | Found a shattered altar of Ashenzari.
  4286 | D:3      | Noticed Thaneod's ghost (amateur OpFE)
  4764 | D:4      | Noticed an ogre
  4796 | D:4      | Killed an ogre
  4796 | D:4      | Gained mutation: You are covered in thick fur. (AC +2) [Felid growth]
  4796 | D:4      | Reached XP level 6. HP: 20/24 MP: 5/10
  5095 | D:4      | Reached skill level 5 in Stealth
  5701 | D:4      | Found a sparkling altar of Nemelex Xobeh.
  5758 | D:4      | Noticed Robin
  5940 | D:4      | Reached XP level 7. HP: 9/27 MP: 5/11
  6307 | D:4      | Reached skill level 6 in Stealth
  6477 | D:4      | Killed Robin
  6606 | D:5      | Entered Level 5 of the Dungeon
  6723 | D:5      | Found Tifauto's Gadget Shop.
  6795 | D:5      | Found a stormy altar of Qazlal.
  6812 | D:5      | Found a staircase to the Ecumenical Temple.
  6826 | Temple   | Entered the Ecumenical Temple
  6982 | D:5      | Found Maseajaet's Jewellery Shoppe.
  7078 | D:5      | Found Doisopra's Jewellery Shop.
  7114 | D:5      | Reached skill level 7 in Stealth
  7118 | D:5      | Killed from afar by a shadow imp
  7119 | D:5      | Reached XP level 6. HP: -3/24 MP: 8/10
  7222 | D:5      | Found a sacrificial altar of Ru.
  7635 | Temple   | Became a worshipper of Sif Muna the Loreminder
  7696 | D:5      | Reached skill level 1 in Fighting
  7837 | D:5      | Reached skill level 8 in Stealth
  7842 | D:5      | Reached XP level 7. HP: 19/29 MP: 6/11
  8576 | D:6      | Reached skill level 9 in Stealth
  8826 | D:6      | Found a sand-covered staircase.
  8912 | Ossuary  | Entered an ossuary
  9098 | D:6      | Found a burning altar of Makhleb.
  9103 | D:6      | Reached XP level 8. HP: 36/36 MP: 12/12
  9256 | D:6      | Reached skill level 10 in Stealth
  9694 | D:6      | Found a hazy altar of Hepliaklqana.
  9699 | D:6      | Found a hide-covered altar of Uskayaw.
 10050 | D:6      | Found an opulent altar of Gozag.
 10100 | D:6      | Reached skill level 11 in Stealth
 11112 | D:5      | Bought the ring of Tuqie {MP+9 Str+2} for 312 gold pieces
 11580 | D:7      | Noticed Amnesiac's ghost (novice DsFi)
 12417 | D:8      | Noticed Amnesiac's ghost (novice OgFi)
 12523 | D:8      | Reached skill level 12 in Stealth
 13065 | D:9      | Found a staircase to the Orcish Mines.
 13157 | D:9      | Found a roughly hewn altar of Beogh.
 13171 | D:9      | Found a staircase to the Lair.
 13176 | D:9      | Reached XP level 9. HP: 21/39 MP: 13/13
 13616 | D:8      | Reached skill level 5 in Fighting
 13616 | D:8      | Reached skill level 13 in Stealth
 13776 | D:8      | Reached * piety under Sif Muna
 14000 | D:8      | Found an iron altar of Okawaru.
 15221 | D:9      | Reached skill level 14 in Stealth
 15351 | D:9      | Found a bloodstained altar of Trog.
 16040 | D:9      | Found a shadowy altar of Dithmenos.
 16902 | D:10     | Entered Level 10 of the Dungeon
 16931 | D:10     | Found a hide-covered altar of Uskayaw.
 16931 | D:10     | Noticed an oklob plant
 17065 | D:10     | Reached skill level 15 in Stealth
 17420 | D:7      | Reached XP level 10. HP: 15/45 MP: 13/14
 18176 | D:10     | Noticed a centaur warrior
 18182 | D:10     | Killed a centaur warrior
 19532 | D:11     | Noticed an unseen horror
 19596 | D:11     | HP: 2/48 [unseen horror (9)]
 19602 | D:11     | Mangled by an unseen horror
 19603 | D:11     | Reached XP level 9. HP: -9/67 MP: 1/22
 19624 | D:11     | Noticed a brown ugly thing
 19642 | D:11     | Killed an unseen horror
 19685 | D:11     | Reached skill level 10 in Fighting
 19704 | D:11     | Noticed a purple ugly thing
 19774 | D:11     | Mangled by a purple ugly thing
 19775 | D:11     | Reached XP level 8. HP: -7/43 MP: 13/21
 20017 | D:11     | Reached XP level 9. HP: 33/46 MP: 14/14
 20403 | Orc:1    | Entered Level 1 of the Orcish Mines
 20414 | Orc:1    | Noticed an ettin
 20431 | Orc:1    | Noticed a troll
 20463 | Lair:1   | Entered Level 1 of the Lair of Beasts
 20765 | Lair:1   | Noticed a spiny frog
 20769 | Lair:1   | Killed a spiny frog
 20790 | Lair:1   | Noticed a spiny frog
 20809 | Lair:1   | Killed a spiny frog
 20809 | Lair:1   | Reached ** piety under Sif Muna
 20898 | Lair:1   | Reached skill level 5 in Spellcasting
 20917 | Lair:1   | Noticed a spiny frog
 20925 | Lair:1   | Killed a spiny frog
 20928 | Lair:1   | Noticed a four-headed hydra
 21113 | Lair:1   | Noticed a komodo dragon
 21124 | Lair:1   | Killed a komodo dragon
 21124 | Lair:1   | Reached XP level 10. HP: 50/51 MP: 19/19
 21245 | Lair:2   | Learned a level 6 spell: Statue Form
 21351 | Lair:2   | Reached skill level 1 in Transmutations
 21429 | Lair:2   | Reached skill level 1 in Earth Magic
 21727 | Lair:2   | Noticed a seven-headed hydra
 21906 | Lair:2   | Learned a level 2 spell: Ensorcelled Hibernation
 21908 | Lair:2   | Learned a level 1 spell: Confusing Touch
 21911 | Lair:2   | Learned a level 2 spell: Shroud of Golubria
 22052 | Lair:2   | HP: 2/51 [yak (17)]
 22846 | Lair:2   | Found a staircase to the Swamp.
 23879 | Lair:3   | Found a hole to the Spider Nest.
 23964 | Lair:3   | Reached *** piety under Sif Muna
 24327 | Lair:3   | Noticed Snorg
 24545 | Lair:3   | Reached skill level 5 in Transmutations
 24672 | Lair:3   | Reached XP level 11. HP: 54/54 MP: 11/20
 25263 | Lair:4   | Reached skill level 5 in Earth Magic
 26794 | Lair:4   | HP: 2/54 [blink frog (19)]
 26799 | Lair:4   | Reached **** piety under Sif Muna
 27018 | Lair:5   | Noticed a four-headed hydra
 29410 | Lair:5   | Killed from afar by a rime drake

Vault maps used:
D:1:      nzn_arrival_depleted_hourglass
D:2:      nicolae_tso_swordbearing_angel, first_ration
D:3:      overflow_temple_1_default, lemuel_coloured_pillars_altar,
          evilmike_ruin_ashenzari, uniq_terence
D:4:      nemelex_diamond_rough_becter, uniq_robin
D:5:      kennysheep_little_box, nicolae_overflow_hidden_temple,
          minmay_temple_entry_hall, serial_shops, shop_statue,
          nicolae_shop_stone, shop_fountains, kennysheep_small_square
D:6:      marbit_many_paths, minitemple, enter_ossuary_5,
          nicolae_gozag_cash_rules_everything_around_me
D:8:      okawaru_metal_pillars_1_2, hangedman_pestilent_swarm
D:9:      old_standard_altar, nicolae_dithmenos_shadow_blocks,
          minmay_lair_entry_grove, minmay_orc_entry_temple_small
D:10:     minmay_distorted_concentric_squares, lemuel_oklob_altar
D:11:     hangedman_glass_teeth, st_stairs_3
Temple:   compressed_dpeg_circular_temple
Lair:1:   eino_small_chamber_without_monster, st_stairs_13,
          eino_small_chamber_without_monster, serial_bayou_shore_b,
          lemuel_fruit_fields
Lair:2:   swamp_mist_pool
Lair:3:   spider_nest_entry_web_field, nicolae_volcano_entry_two_sided,
          minmay_holes, serial_bayou_shore_b, uniq_snorg
Lair:4:   gammafunk_lair_bear_cave
Lair:5:   slime_altar_1
Orc:1:    minmay_orc_treasury
Ossuary:  ossuary_the_hunt_dpeg

Skill      XL: |  1  2  3  4  5  6  7  8  9 10 11 |
---------------+----------------------------------+-----
Stealth        | 3 4 8 9 12 15 | 15.0
Necromancy     | 5 6 7 8 |  8.0
Fighting       | 1 3 4 10 9 | 10.0
Dodging        | 3 |  3.4
Spellcasting   | 5 |  5.5
Transmutations | 5 8 |  8.7
Earth Magic    | 4 7 |  7.2
Charms         | |  0.6

Action                   |  1- 3 |  4- 6 |  7- 9 | 10-12 || total
-------------------------+-------+-------+-------+-------++-------
Melee: Unarmed           |    12 |    76 |   436 |   120 ||   644
       Bite              |       |     9 |    51 |    11 ||    71
 Cast: Pain              |    66 |   124 |   247 |   170 ||   607
       Regeneration      |       |     4 |    17 |    16 ||    37
       Vampiric Draining |       |     2 |    84 |   165 ||   251
       Ensorcelled Hiber |       |       |       |    98 ||    98
       Confusing Touch   |       |       |       |     3 ||     3
       Animate Skeleton  |       |       |       |     9 ||     9
Evoke: Wand              |       |       |     4 |     9 ||    13
  Use: Scroll            |       |       |    12 |    14 ||    26
       Potion            |       |       |       |     3 ||     3
 Stab: Sleeping          |     1 |     4 |    35 |    31 ||    71
       Distracted        |       |       |     4 |     2 ||     6
       Confused          |       |       |       |     1 ||     1
  Eat: Chunk             |    12 |    14 |    43 |    24 ||    93
Armor: Skin              |     2 |     8 |    27 |    21 ||    58
Dodge: Dodged            |    30 |    73 |   496 |   345 ||   944

Table legend:
 A = Spawn XP
 B = Non-spawn XP
 C = Spawn XP percentage of total XP
 D = Spawn monster count
 E = Non-spawn monster count
 F = Spawn count percentage of total count
 G = Total turns spent on level
                    A         B        C        D         E        F      G
               +---------+---------+-------+---------+---------+-------+---------
         Total |       0 |   27866 |   0.0 |       0 |     339 |   0.0 | 29410
               +---------+---------+-------+---------+---------+-------+---------
           D:1 |       0 |      31 |   0.0 |       0 |      17 |   0.0 |  1773
           D:2 |       0 |      70 |   0.0 |       0 |      19 |   0.0 |  1710
           D:3 |       0 |     179 |   0.0 |       0 |      24 |   0.0 |  1396
           D:4 |       0 |     659 |   0.0 |       0 |      37 |   0.0 |  1727
           D:5 |       0 |     530 |   0.0 |       0 |      24 |   0.0 |  1799
           D:6 |       0 |    1136 |   0.0 |       0 |      32 |   0.0 |  2359
           D:7 |       0 |     374 |   0.0 |       0 |      16 |   0.0 |  2956
           D:8 |       0 |     626 |   0.0 |       0 |      17 |   0.0 |   841
           D:9 |       0 |    2443 |   0.0 |       0 |      32 |   0.0 |  2641
          D:10 |       0 |    2138 |   0.0 |       0 |      23 |   0.0 |  2356
          D:11 |       0 |    1815 |   0.0 |       0 |      13 |   0.0 |   724
        Lair:1 |       0 |    2751 |   0.0 |       0 |      12 |   0.0 |  1235
        Lair:2 |       0 |    3208 |   0.0 |       0 |      18 |   0.0 |  1953
        Lair:3 |       0 |    2457 |   0.0 |       0 |      13 |   0.0 |  1546
        Lair:4 |       0 |    8143 |   0.0 |       0 |      37 |   0.0 |  3545
        Lair:5 |       0 |    1306 |   0.0 |       0 |       5 |   0.0 |   668
               +---------+---------+-------+---------+---------+-------+---------
